 Dungeon Crawl Stone Soup version 0.19-a0-1697-g0595f0e (webtiles) character file.

2578 TheGoonsmith the Covert (level 9, -3/43 HPs)
             Began as a Spriggan Enchanter on Sept 26, 2016.
             Slain by an orc warrior
             ... wielding a +0 glaive
              (8 damage)
             ... in a bailey.
             The game lasted 00:18:31 (8991 turns).

TheGoonsmith the Covert (Spriggan Enchanter)        Turns: 8991, Time: 00:18:31

Health: -3/43      AC:  9    Str:  9    XL:     9   Next: 32%
Magic:  3/22       EV: 32    Int: 16    God:
Gold:   553        SH:  0    Dex: 25    Spells: 2 memorised, 18 levels left

rFire  . . .     SeeInvis +     x - +1 dagger (venom)
rCold  . . .     Gourm    .     b - +2 robe
rNeg   . . .     Faith    .     (shield restricted)
rPois  .         Spirit   .     (helmet restricted)
rElec  .         Dismiss  .     (no cloak)
rCorr  .         Reflect  .     (gloves unavailable)
MR     +....     Harm     .     (boots unavailable)
Stlth  +++++++...               (no amulet)
                                (no ring)
                                t - +4 ring of protection

@: mighty, agile, very slightly contaminated, very quick
A: unfitting armour, see invisible, herbivore 3, speed 3, slow metabolism 2
a: no special abilities


You were in a bailey.
You were full.

You visited 1 branch of the dungeon, and saw 7 of its levels.
You also visited: Bailey.

You collected 681 gold pieces.
You spent 128 gold pieces at shops.

Inventory:

Hand Weapons
 a - a +1 dagger
 x - a +1 dagger of venom (weapon)
Missiles
 h - 3 throwing nets (quivered)
 m - 4 needles of sleeping
 w - 31 poisoned needles
Armour
 b - a +2 robe (worn)
Jewellery
 t - a +4 ring of protection (left hand)
Scrolls
 f - 2 scrolls of amnesia
 g - 3 scrolls of magic mapping
 n - 2 scrolls of remove curse
 r - a scroll of identify
 y - 2 scrolls of fog
 A - a scroll of teleportation
Potions
 e - a potion of might
 i - 2 potions of cancellation {unknown}
 o - a potion of berserk rage
 q - a potion of ambrosia {unknown}
 s - a potion of lignification {unknown}
 u - a potion of haste
 v - a potion of curing {unknown}
Books
 c - a book of Maledictions

   Spells                             Type                      Level
   a - Corona                         Hexes                        1
   b - Ensorcelled Hibernation        Hexes/Ice                    2
   c - Confuse                        Hexes                        3
   d - Tukima's Dance                 Hexes                        3
   e - Dazzling Spray                 Conjuration/Hexes            3
Comestibles
 d - a bread ration
 k - a royal jelly
 p - 6 fruits


   Skills:
 + Level 2.7 Fighting
 + Level 6.4 Short Blades
 - Level 8.4 Dodging
 - Level 9.7 Stealth
 - Level 8.2 Spellcasting
 - Level 5.1 Hexes


You had 18 spell levels left.
You knew the following spells:

 Your Spells              Type           Power        Failure   Level  Hunger
b - Tukima's Dance        Hex            ###.....     4%          3    #......
c - Confuse               Hex            ###.....     4%          3    #......


Dungeon Overview and Level Annotations

Branches:
Dungeon (7/15)
 Temple: D:4-7

Altars:
Dithmenos
Makhleb
Nemelex Xobeh
Okawaru
Sif Muna
Vehumet
Yredelemnul

Shops:
D:6 *%   D:7 :


Innate Abilities, Weirdness & Mutations

You are very small and have problems with some larger weapons.
You are too small for most types of armour.
You have supernaturally acute eyesight. (SInv)
You are a herbivore.
You cover ground extremely quickly.
You need consume almost no food.


Message History

The orc misses you. The orc barely misses you.
You hit the orc warrior.
The orc warrior looks as sick as possible!
The orc warrior is severely wounded.
The orc hits you but does no damage. The orc warrior completely misses you.
The orc hits you from afar with a halberd.
* * * LOW HITPOINT WARNING * * *
You hit the orc but do no damage.
The orc is poisoned.
The orc closely misses you. The orc completely misses you.
You hit the orc.
The orc looks as sick as possible!
The orc is severely wounded.
The orc hits you with a halberd.
* * * LOW HITPOINT WARNING * * *
The orc completely misses you. The orc warrior barely misses you.
You kill the orc!
The orc completely misses you. x2
There is a gate leading back out of this place, spattered with blood here.
The orc completely misses you.
The orc warrior hits you from afar with a glaive!
You die...

############ #
##.∩@.......## #.
#..)oo).)....######..
#..)oo.))....#....#.o
#∩....))†.)..'o...'oo
#.....†).)...#o...#o)
#.....)...)..######..
##.∩........## #.
############ #


You could see an orc warrior and 3 orcs.

Vanquished Creatures
  A hill giant (D:5)
  A hippogriff (D:6)
  2 ice beasts
  3 orc warriors (Bailey)
  2 ogres (D:6)
  2 centaurs
  A bullfrog (D:5)
  2 scorpions (D:6)
  2 howler monkeys
  3 crimson imps
  A quasit (D:6)
  2 orc priests
  A bullfrog skeleton (D:6)
  A gnoll shaman (D:6)
  2 orc wizards
  An iguana (D:6)
  7 worker ants
  9 gnolls
  13 adders
  2 oozes (D:3)
  An adder zombie (D:6)
  2 adder skeletons
  2 worms
  A dart slug (D:1)
  7 leopard geckos
  26 orcs
  5 giant cockroaches
  3 goblins
  7 hobgoblins
  15 jackals
  5 quokkas
  2 ball pythons
  9 bats
  3 frilled lizards
  A jackal skeleton (D:5)
  9 kobolds
  A leopard gecko skeleton (D:3)
  A quokka skeleton (D:4)
  A quokka zombie (D:5)
  12 rats
  A fungus (D:3)
172 creatures vanquished.

Vanquished Creatures (collateral kills)
  An orc warrior (Bailey)
  8 orcs (Bailey)
9 creatures vanquished.

Vanquished Creatures (others)
  8 dancing weapons
8 creatures vanquished.

Grand Total: 189 creatures vanquished

Notes
Turn   | Place    | Note
-------+----------+-------------------------------------------
     0 | D:1      | TheGoonsmith the Spriggan Enchanter began the quest for the Orb.
     0 | D:1      | Reached XP level 1. HP: 9/9 MP: 5/5
   304 | D:3      | Reached XP level 2. HP: 2/13 MP: 6/6
   563 | D:2      | Found a faded altar of an unknown god.
  1066 | D:1      | Reached skill level 5 in Stealth
  1084 | D:1      | Reached XP level 3. HP: 15/16 MP: 8/8
  1219 | D:1      | Learned a level 3 spell: Tukima's Dance
  1223 | D:1      | Learned a level 3 spell: Confuse
  1233 | D:1      | Found an iron altar of Okawaru.
  1943 | D:2      | Reached XP level 4. HP: 10/21 MP: 5/9
  3272 | D:3      | Reached XP level 5. HP: 18/24 MP: 3/10
  3485 | D:3      | Found a shadowy altar of Dithmenos.
  3509 | D:3      | Reached skill level 6 in Stealth
  3568 | D:3      | Found a deep blue altar of Sif Muna.
  3578 | D:3      | Found a basalt altar of Yredelemnul.
  3660 | D:3      | Found a sparkling altar of Nemelex Xobeh.
  3899 | D:4      | Reached skill level 5 in Dodging
  4096 | D:4      | Reached XP level 6. HP: 27/28 MP: 9/11
  4345 | D:4      | Found a radiant altar of Vehumet.
  4345 | D:4      | Found a burning altar of Makhleb.
  4558 | D:5      | Entered Level 5 of the Dungeon
  4685 | D:5      | Reached skill level 5 in Short Blades
  4888 | D:5      | Noticed a hill giant
  5473 | D:5      | Reached skill level 7 in Stealth
  6328 | D:6      | Reached XP level 7. HP: 12/32 MP: 12/12
  6411 | D:5      | Killed a hill giant
  6411 | D:5      | Reached skill level 9 in Stealth
  6743 | D:5      | Reached XP level 8. HP: 20/36 MP: 13/13
  6922 | D:6      | Noticed a hippogriff
  6947 | D:6      | Killed a hippogriff
  7377 | D:5      | Reached skill level 5 in Hexes
  7502 | D:6      | Reached skill level 5 in Spellcasting
  8024 | D:6      | Found Muinul Hese's Assorted Antiques.
  8041 | D:6      | Bought a scroll labeled LUEKHL MOSOUVUORPH for 32 gold pieces
  8041 | D:6      | Bought a scroll of teleportation for 96 gold pieces
  8228 | D:6      | Reached skill level 1 in Fighting
  8228 | D:6      | Reached XP level 9. HP: 41/41 MP: 22/22
  8405 | D:6      | Found Xacuon's Food Emporium.
  8578 | D:7      | Found Jogutoa's Book Emporium.
  8716 | D:7      | Found a flagged portal.
  8725 | Bailey   | Entered a bailey
  8991 | Bailey   | Slain by an orc warrior

Vault maps used:
D:1:      evilmike_arrival_run_for_it, okawaru_ov_weapons_minmay
D:2:      first_bread, ecumenical_altar_2
D:3:      amethyst_overflow_temple_binary, grunt_dithmenos_smoke_and_mirrors,
          minmay_gold_behind_fungi, st_stairs_5, nemelex_dance_club_becter
D:4:      grunt_temple_overflow_lords_of_destruction
D:5:      kennysheep_big_flooded_room
D:6:      serial_shops, kennysheep_little_box, shop, minmay_misc_feat_diagonals
D:7:      good_gods_temple_1, enter_bailey_2, serial_shops, shop_fountains,
          uniq_pikel
Bailey:   bailey_polearm_5, bailey

Skill      XL: |  1  2  3  4  5  6  7  8  9 |
---------------+----------------------------+-----
Short Blades   | 2 3 4 5 6 |  6.4
Stealth        | 5 6 7 9 |  9.7
Dodging        | 4 5 6 8 |  8.4
Spellcasting   | 3 8 |  8.2
Hexes          | 5 |  5.1
Fighting       | 1 2 |  2.7

Action                   |  1- 3 |  4- 6 |  7- 9 || total
-------------------------+-------+-------+-------++-------
Melee: Dagger            |   196 |   539 |   363 ||  1098
 Cast: Confuse           |     5 |    32 |     6 ||    43
       Tukima's Dance    |       |     3 |    16 ||    19
  Use: Scroll            |       |     9 |     4 ||    13
       Potion            |       |       |     2 ||     2
 Stab: Sleeping          |     5 |    30 |    13 ||    48
       Confused          |     2 |    14 |     2 ||    18
       Distracted        |     1 |     1 |     1 ||     3
  Eat: Bread ration      |       |     2 |     1 ||     3
Armor: Robe              |    32 |    43 |    38 ||   113
Dodge: Dodged            |   181 |   299 |   339 ||   819
